IL
TACOMA RAINIERS @ ROCHESTER RED WINGS
08/29/2047
 
TOP OF THE 1ST
Tacoma Rainiers batting - Pitching for Rochester Red Wings : RHP Ryan Graham
Pitching: RHP Ryan Graham
Batting: RHB Brad Robidas 0-0: Ball
1-0: Called Strike
1-1: Swinging Strike
1-2: Ball
2-2: Foul Ball, location: 2F
2-2: Foul Ball, location: 2F
2-2: Foul Ball, location: 2F
2-2: Foul Ball, location: 2F
2-2: Foul Ball, location: 2F
2-2: Strikes out looking
Batting: LHB Jawad Fahad 0-0: Ball
1-0: Foul Ball, location: 2F
1-1: Ball
2-1: DOUBLE (Line Drive, 9LM, EV 108.1 MPH)
Batting: LHB Josh Pittman 0-0: Fly out, F8 (Flyball, 8LD, EV 83.1 MPH)
Batting: LHB Ryan Lowe 0-0: Foul Ball, location: 2F
0-1: Ball
1-1: Called Strike
1-2: Ball
2-2: Ball
3-2: Ground out U3 (Groundball, 3, EV 85.0 MPH)
Top of the 1st over - 0 runs, 1 hit, 0 errors, 1 left on base; Tacoma 0 - Rochester 0
BOTTOM OF THE 1ST
Rochester Red Wings batting - Pitching for Tacoma Rainiers : RHP Luis Castro
Pitching: RHP Luis Castro
Batting: LHB Per Meulengracht 0-0: Ball
1-0: Ground out 4-3 (Groundball, 4, EV 109.4 MPH)
Batting: LHB Israel Montoya 0-0: DOUBLE (Groundball, 3L, EV 110.0 MPH)
Batting: RHB Manuel Juarez 0-0: Ball
1-0: Ball
2-0: Ground out 6-3 (Groundball, 6, EV 85.6 MPH)
Israel Montoya to third
Batting: LHB Matt Robertson 0-0: Called Strike
0-1: Ball
1-1: Ball
2-1: Foul Ball, location: 2F
2-2: Ball
3-2: Ground out 4-3 (Groundball, 4, EV 104.4 MPH)
Bottom of the 1st over - 0 runs, 1 hit, 0 errors, 1 left on base; Tacoma 0 - Rochester 0
TOP OF THE 2ND
Tacoma Rainiers batting - Pitching for Rochester Red Wings : RHP Ryan Graham
Batting: RHB Josh Ruhl 0-0: Foul Ball, location: 2F
0-1: Ball
1-1: Foul Ball, location: 2F
1-2: Ground out 5-3 (Groundball, 56S, EV 68.8 MPH)
Batting: RHB Rick Ellis 0-0: Called Strike
0-1: Ball
1-1: Foul Ball, location: 2F
1-2: SINGLE (Groundball, 56D, EV 101.9 MPH)
Batting: RHB Max Schellekens 0-0: Ball
1-0: Ball
2-0: Fly out, F9 (Flyball, 9S, EV 97.5 MPH)
Batting: RHB Bill Vives 0-0: Called Strike
0-1: Foul Ball, location: 2F
0-2: Strikes out looking
Top of the 2nd over - 0 runs, 1 hit, 0 errors, 1 left on base; Tacoma 0 - Rochester 0
BOTTOM OF THE 2ND
Rochester Red Wings batting - Pitching for Tacoma Rainiers : RHP Luis Castro
Batting: LHB Jayden Thomas 0-0: Ball
1-0: Called Strike
1-1: Ball
2-1: Fly out, F8 (Flyball, 8LM, EV 76.2 MPH)
Batting: RHB Jose Nunez 0-0: Foul Ball, location: 2F
0-1: Swinging Strike
0-2: Ball
1-2: Ball
2-2: Strikes out swinging
Batting: RHB Israel Gaona 0-0: DOUBLE (Groundball, 5L, EV 98.8 MPH)
Batting: RHB Jose Gracia 0-0: Ball
1-0: 2-RUN HOME RUN (Flyball, 7D, EV 97.5 MPH), Distance : 366 ft
Batting: RHB Kenny Reynolds 0-0: Swinging Strike
0-1: Ball
1-1: Swinging Strike
1-2: Ball
2-2: Strikes out swinging
Bottom of the 2nd over - 2 runs, 2 hits, 0 errors, 0 left on base; Tacoma 0 - Rochester 2
TOP OF THE 3RD
Tacoma Rainiers batting - Pitching for Rochester Red Wings : RHP Ryan Graham
Batting: RHB Kagetoki Kawai 0-0: Fly out, F8 (Flyball, 89M, EV 90.0 MPH)
Batting: RHB Brad Robidas 0-0: TRIPLE (Line Drive, 78XD, EV 105.0 MPH)
Batting: LHB Jawad Fahad 0-0: Called Strike
0-1: Foul Ball, location: 2F
0-2: SINGLE (Flyball, 78S, EV 90.0 MPH)
Brad Robidas scores
Batting: LHB Josh Pittman 0-0: Swinging Strike
0-1: Ball
1-1: Swinging Strike
1-2: Strikes out looking
Batting: LHB Ryan Lowe 0-0: Ball
1-0: Called Strike
1-1: Foul Ball, location: 2F
1-2: Ball
2-2: Foul Ball, location: 2F
2-2: Strikes out looking
Top of the 3rd over - 1 run, 2 hits, 0 errors, 1 left on base; Tacoma 1 - Rochester 2
BOTTOM OF THE 3RD
Rochester Red Wings batting - Pitching for Tacoma Rainiers : RHP Luis Castro
Batting: LHB Per Meulengracht 0-0: Foul Ball, location: 2F
0-1: Fly out, F7 (Flyball, 7LM, EV 93.8 MPH)
Batting: LHB Israel Montoya 0-0: Swinging Strike
0-1: Ball
1-1: Foul Ball, location: 2F
1-2: Strikes out swinging
Batting: RHB Manuel Juarez 0-0: Called Strike
0-1: SINGLE (Flyball, 8RS, EV 90.6 MPH)
Batting: LHB Matt Robertson 0-0: Called Strike
Manuel Juarez steals 2nd base
0-1: Ball
1-1: Ball
2-1: Called Strike
2-2: Foul Ball, location: 2F
2-2: SINGLE (Groundball, 23, EV 69.4 MPH) (infield hit)
Manuel Juarez to third
Batting: LHB Jayden Thomas 0-0: Ball
1-0: Foul Ball, location: 2F
1-1: Swinging Strike
1-2: Ball
2-2: Ball
3-2: Base on Balls
Matt Robertson to second
Batting: RHB Jose Nunez 0-0: Foul Ball, location: 2F
0-1: Foul Ball, location: 2F
0-2: Strikes out looking
Bottom of the 3rd over - 0 runs, 2 hits, 0 errors, 3 left on base; Tacoma 1 - Rochester 2
TOP OF THE 4TH
Tacoma Rainiers batting - Pitching for Rochester Red Wings : RHP Ryan Graham
Batting: RHB Josh Ruhl 0-0: Called Strike
0-1: Ball
1-1: Foul Ball, location: 2F
1-2: Strikes out swinging
Batting: RHB Rick Ellis 0-0: Called Strike
0-1: Called Strike
0-2: Strikes out swinging
Batting: RHB Max Schellekens 0-0: Called Strike
0-1: Foul Ball, location: 2F
0-2: Foul Ball, location: 2F
0-2: Foul Ball, location: 2F
0-2: Foul Ball, location: 2F
0-2: Ball
1-2: Foul Ball, location: 2F
1-2: Ball
2-2: Foul Ball, location: 2F
2-2: Ground out 5-3 (Groundball, 5, EV 84.4 MPH)
Top of the 4th over - 0 runs, 0 hits, 0 errors, 0 left on base; Tacoma 1 - Rochester 2
BOTTOM OF THE 4TH
Rochester Red Wings batting - Pitching for Tacoma Rainiers : RHP Luis Castro
Batting: RHB Israel Gaona 0-0: Fly out, F9 (Line Drive, 89M, EV 99.4 MPH)
Batting: RHB Jose Gracia 0-0: Foul Ball, location: 2F
0-1: Foul Ball, location: 2F
0-2: Ball
1-2: Fly out, F8 (Flyball, 8RD, EV 100.6 MPH)
Batting: RHB Kenny Reynolds 0-0: Called Strike
0-1: Ball
1-1: Foul Ball, location: 2F
1-2: Foul Ball, location: 2F
1-2: Foul Ball, location: 2F
1-2: Ball
2-2: Foul Ball, location: 2F
2-2: SINGLE (Groundball, 34D, EV 102.5 MPH)
Batting: LHB Per Meulengracht 0-0: Ball
Kenny Reynolds is caught stealing 2nd base 2-6
Bottom of the 4th over - 0 runs, 1 hit, 0 errors, 0 left on base; Tacoma 1 - Rochester 2
TOP OF THE 5TH
Tacoma Rainiers batting - Pitching for Rochester Red Wings : RHP Ryan Graham
Batting: RHB Bill Vives 0-0: Ball
1-0: Ball
2-0: Called Strike
2-1: Foul Ball, location: 2F
2-2: Strikes out looking
Batting: RHB Kagetoki Kawai 0-0: Ground out 4-3 (Groundball, 34, EV 102.5 MPH)
Batting: RHB Brad Robidas 0-0: Foul Ball, location: 2F
0-1: Ball
1-1: Ball
2-1: Ball
3-1: Bunted foul
3-2: Ground out 6-3 (Groundball, 6, EV 105.0 MPH)
Top of the 5th over - 0 runs, 0 hits, 0 errors, 0 left on base; Tacoma 1 - Rochester 2
BOTTOM OF THE 5TH
Rochester Red Wings batting - Pitching for Tacoma Rainiers : RHP Luis Castro
Batting: LHB Per Meulengracht 0-0: Called Strike
0-1: SINGLE (Groundball, 6D, EV 101.9 MPH)
Batting: LHB Israel Montoya 0-0: Ball
1-0: Ball
2-0: Ball
3-0: Swinging Strike
3-1: Foul Ball, location: 2F
3-2: Foul Ball, location: 2F
3-2: Foul Ball, location: 2F
3-2: Strikes out swinging
Per Meulengracht steals 2nd base (no throw)
Batter strikes out.
Batting: RHB Manuel Juarez 0-0: Swinging Strike
0-1: Ball
1-1: Swinging Strike
1-2: Strikes out swinging
Batting: LHB Matt Robertson 0-0: Called Strike
0-1: Ball
1-1: Ground out U3 (Groundball, 34, EV 108.8 MPH)
Bottom of the 5th over - 0 runs, 1 hit, 0 errors, 1 left on base; Tacoma 1 - Rochester 2
TOP OF THE 6TH
Tacoma Rainiers batting - Pitching for Rochester Red Wings : RHP Ryan Graham
Pitching: RHP George Cooper
Batting: LHB Jawad Fahad 0-0: Called Strike
0-1: Ball
1-1: Ball
2-1: Ball
3-1: Foul Ball, location: 2F
3-2: Strikes out swinging
Batting: LHB Josh Pittman 0-0: Ball
1-0: Ball
2-0: Called Strike
2-1: Ground out U3 (Groundball, 3, EV 100.0 MPH)
Batting: LHB Ryan Lowe 0-0: Called Strike
0-1: Fly out, F6 (Line Drive, 4M, EV 76.2 MPH)
Top of the 6th over - 0 runs, 0 hits, 0 errors, 0 left on base; Tacoma 1 - Rochester 2
BOTTOM OF THE 6TH
Rochester Red Wings batting - Pitching for Tacoma Rainiers : RHP Luis Castro
Batting: LHB Jayden Thomas 0-0: Called Strike
0-1: Ground out 6-3 (Groundball, 4M, EV 103.1 MPH)
Batting: RHB Jose Nunez 0-0: Ball
1-0: Ball
2-0: Foul Ball, location: 2F
2-1: Foul Ball, location: 2F
2-2: Fly out, F7 (Flyball, 7LS, EV 72.5 MPH)
Batting: RHB Israel Gaona 0-0: Ball
1-0: Swinging Strike
1-1: Called Strike
1-2: Ball
2-2: DOUBLE (Line Drive, 7LS, EV 103.8 MPH)
Batting: RHB Jose Gracia 0-0: Ball
1-0: Ball
2-0: Fly out, F5 (Line Drive, 6, EV 65.6 MPH)
Bottom of the 6th over - 0 runs, 1 hit, 0 errors, 1 left on base; Tacoma 1 - Rochester 2
TOP OF THE 7TH
Tacoma Rainiers batting - Pitching for Rochester Red Wings : RHP George Cooper
Batting: RHB Josh Ruhl 0-0: Ball
1-0: Fly out, F8 (Flyball, 8LXD, EV 105.0 MPH)
Batting: RHB Rick Ellis 0-0: Ball
1-0: Ball
2-0: Called Strike
2-1: Ground out 6-3 (Groundball, 56, EV 106.2 MPH)
Batting: RHB Max Schellekens 0-0: Ball
1-0: Ball
2-0: Swinging Strike
2-1: Foul Ball, location: 2F
2-2: Ground out 6-3 (Groundball, 6S, EV 80.6 MPH)
Top of the 7th over - 0 runs, 0 hits, 0 errors, 0 left on base; Tacoma 1 - Rochester 2
BOTTOM OF THE 7TH
Rochester Red Wings batting - Pitching for Tacoma Rainiers : RHP Luis Castro
Pitching: RHP T.J. Stahlman
Batting: RHB Kenny Reynolds 0-0: Called Strike
0-1: Ball
1-1: Ground out 3-1 (Groundball, 34, EV 101.9 MPH)
Batting: LHB Per Meulengracht 0-0: Called Strike
0-1: Ball
1-1: Foul Ball, location: 2F
1-2: Ball
2-2: Ball
3-2: Foul Ball, location: 2F
3-2: Ground out U3 (Groundball, 34, EV 83.1 MPH)
Batting: LHB Israel Montoya 0-0: Ball
1-0: Called Strike
1-1: Swinging Strike
1-2: DOUBLE (Line Drive, 9LS, EV 106.9 MPH)
Batting: RHB Manuel Juarez 0-0: Foul Ball, location: 2F
0-1: Called Strike
0-2: Strikes out swinging
Bottom of the 7th over - 0 runs, 1 hit, 0 errors, 1 left on base; Tacoma 1 - Rochester 2
TOP OF THE 8TH
Tacoma Rainiers batting - Pitching for Rochester Red Wings : RHP George Cooper
Pitching: LHP Inkei Wakamatsu
Batting: RHB Bill Vives 0-0: Ground out 4-3 (Groundball, 4M, EV 85.6 MPH)
Batting: RHB Kagetoki Kawai 0-0: Called Strike
0-1: Swinging Strike
0-2: SINGLE (Line Drive, 7S, EV 95.0 MPH)
Batting: RHB Brad Robidas 0-0: Ball
1-0: Called Strike
1-1: Sac Bunt to 15S - play at first, batter OUT! 1-3
Kagetoki Kawai to second
Batting: LHB Jawad Fahad 0-0: Ball
1-0: Ball
2-0: Foul Ball, location: 2F
2-1: Called Strike
2-2: Strikes out swinging
Top of the 8th over - 0 runs, 1 hit, 0 errors, 1 left on base; Tacoma 1 - Rochester 2
BOTTOM OF THE 8TH
Rochester Red Wings batting - Pitching for Tacoma Rainiers : RHP T.J. Stahlman
Batting: LHB Matt Robertson 0-0: Swinging Strike
0-1: SINGLE (Line Drive, 6D, EV 95.6 MPH)
Batting: LHB Jayden Thomas 0-0: Ball
Matt Robertson is caught stealing 2nd base 2-6
1-0: Ball
2-0: Called Strike
2-1: SINGLE (Groundball, 34D, EV 96.9 MPH)
Batting: RHB Jose Nunez 0-0: Called Strike
0-1: Foul Ball, location: 2F
0-2: Ball
1-2: Ball
Jayden Thomas is caught stealing 2nd base 2-4
2-2: Strikes out swinging
Bottom of the 8th over - 0 runs, 2 hits, 0 errors, 0 left on base; Tacoma 1 - Rochester 2
TOP OF THE 9TH
Tacoma Rainiers batting - Pitching for Rochester Red Wings : LHP Inkei Wakamatsu
Pitching: RHP Juan Gomez
Now at 1B: Jimmy Mayville
Batting: LHB Josh Pittman 0-0: Ball
1-0: Called Strike
1-1: Foul Ball, location: 2F
1-2: Ball
2-2: Ball
3-2: Foul Ball, location: 2F
3-2: Foul Ball, location: 2F
3-2: Foul Ball, location: 2F
3-2: Base on Balls
Batting: LHB Ryan Lowe 0-0: Ball
1-0: Called Strike
1-1: Foul Ball, location: 2F
1-2: Ball
2-2: Foul Ball, location: 2F
2-2: Strikes out swinging
Batting: RHB Josh Ruhl 0-0: Ball
1-0: Swinging Strike
1-1: Fielders Choice at 2nd, 5-4 (Groundball, 5L, EV 83.8 MPH)
Batting: RHB Rick Ellis 0-0: Ground out 6-3 (Groundball, P, EV 82.5 MPH)
Top of the 9th over - 0 runs, 0 hits, 0 errors, 1 left on base; Tacoma 1 - Rochester 2
Thursday, December 15th , 2022 - OOTP Baseball 23.9 Build 102